 Dungeon Crawl Stone Soup version 0.30.1-9-gdf580d7c3d (webtiles) character file.

Game seed: 7562404713271213879

62 Peloso the Shield-Bearer (level 3, -5/33 HPs)
             Began as a Minotaur Fighter on Oct 20, 2023.
             Slain by a gnoll
             ... wielding a +0 flail
              (8 damage)
             ... on level 1 of the Dungeon.
             The game lasted 00:01:50 (1098 turns).

Peloso the Shield-Bearer (Minotaur Fighter)         Turns: 1098, Time: 00:01:50

Health: -5/33      AC:  7    Str: 20    XL:     3   Next: 85%
Magic:  2/2        EV:  9    Int:  5    God:
Gold:   55         SH:  5    Dex: 11    Spells: 2/2 levels left

rFire   . . .        a - +0 long sword
rCold   . . .        c - +0 buckler
rNeg    . . .        b - +0 scale mail
rPois   .            (helmet restricted)
rElec   .            (no cloak)
rCorr   .            (no gloves)
SInv    .            (no boots)
Will    .....        (no amulet) Stlth
                     (no ring)
HPRegen 0.25/turn    (no ring)
MPRegen 0.08/turn

%: no passive effects
@: no status effects
A: horns 2, retaliatory headbutt
a: no special abilities


You were on level 1 of the Dungeon.
You visited 1 branch of the dungeon, and saw 2 of its levels.

You collected 55 gold pieces.

Inventory:

Hand Weapons
 a - a +0 long sword (weapon)
Armour
 b - a +0 scale mail (worn)
 c - a +0 buckler (worn)
Jewellery
 i - a ring of flight
Scrolls
 f - a scroll of vulnerability {unknown}
 g - a scroll of silence {unknown}
Potions
 d - a potion of might
 e - a potion of flight {unknown}
 h - a potion of mutation {unknown}


   Skills:
 + Level 4.2 Fighting
 + Level 3.3 Long Blades
 + Level 4.2 Armour
 + Level 4.4 Shields


You had 2 spell levels left.
You didn't know any spells.
Your spell library was empty.

Dungeon Overview and Level Annotations

Branches:
Dungeon (2/15)

Altars:


Innate Abilities, Weirdness & Mutations

You have a pair of horns on your head.
You reflexively headbutt those who attack you in melee.


Message History

The gnoll shouts!
A gnoll comes into view. It is wielding a +0 spear.
The gnoll moves out of view.
A gnoll is nearby!
A gnoll comes into view. It is wielding a +0 spear.
The gnoll shouts! x2; You hear a shout!
A gnoll comes into view. It is wielding a +0 whip.
You block the gnoll's attack. The gnoll barely misses you.
The gnoll hits you with a +0 spear. The gnoll closely misses you.
You slash the gnoll!
The gnoll is severely wounded.
The gnoll closely misses you. The gnoll hits you with a +0 spear.
The gnoll hits you with a +0 flail!
You barely miss the gnoll. You block the gnoll's attack.
The gnoll hits you but does no damage.
The gnoll hits you from afar with a +0 spear.
You block the gnoll's attack. x2
The gnoll attacks as you move away! The gnoll closely misses you.
You furiously retaliate!
You headbutt the gnoll. The gnoll attacks as you move away!
The gnoll hits you with a +0 flail. The gnoll attacks as you move away!
You block the gnoll's attack.
There is a stone staircase leading up here.
The gnoll hits you but does no damage.
You climb upwards.
There is a stone staircase leading down here.
Unknown command.
You barely miss the gnoll.
The gnoll is lightly wounded.
The gnoll hits you but does no damage. x2
You barely miss the gnoll.
The gnoll is lightly wounded.
The gnoll hits you with a +0 flail!
You barely miss the gnoll.
The gnoll is lightly wounded.
The gnoll hits you with a +0 flail!
* * * LOW HITPOINT WARNING * * *
You hit the gnoll.
The gnoll is moderately wounded.
The gnoll hits you with a +0 flail!
You die...

#.......##..........# #####
#........#..........######....
#..........#######.......#.###
#.......##....#####.####.#.#
####.......###.#.##.....#
#...# #..........#
#.#.##)##..# #####
#.#........# #...##.....#
#.#........# ##.....#.#.#
#.#.#########
##@##...#.#########
#.#.........#
#g.....#.........#
#.######....#
#......#########)# ).# #....#
#.....)# ####.# ..# ##....#
#......# #....# .## #.....#
#......# #.##.# .# #....##
#......# #.#### .# #....#
#......# #..... .# #....#
#......# ######


You could see a gnoll.

Vanquished Creatures
  3 adders (D:2)
  5 bats
  4 endoplasms (D:1)
  A giant cockroach (D:1)
  2 goblins (D:1)
  6 hobgoblins (D:1)
  3 quokkas
  3 ball pythons (D:1)
  A frilled lizard (D:1)
  A kobold (D:1)
  3 rats (D:1)
32 creatures vanquished.

Notes
Turn   | Place    | Note
-------+----------+-------------------------------------------
     0 | D:1      | Peloso the Minotaur Fighter began the quest for the Orb.
     0 | D:1      | Reached XP level 1. HP: 19/19 MP: 0/0
   137 | D:1      | Reached XP level 2. HP: 21/27 MP: 1/1
   531 | D:1      | Reached XP level 3. HP: 28/33 MP: 2/2
  1098 | D:1      | Slain by a gnoll

Illustrated notes

Levels and vault maps discovered:
D:1:      lemuel_arrival_cross, layout_basic
D:2:      layout_basic, uniq_natasha

Skill      XL: |  1  2  3 |
---------------+----------+-----
Fighting       | 4 |  4.2
Shields        | 4 |  4.4
Armour         | 4 |  4.2
Long Blades    | 3 |  3.3

Action                     || total
---------------------------++-------
  Melee: Long sword        ||    64
         Headbutt          ||     8
    Use: Potion            ||     2
 Armour: Scale mail        ||    24
  Dodge: Dodged            ||    26
  Block: Buckler           ||    21
